 Dungeon Crawl Stone Soup version 0.22-a0-247-gbddf880 (webtiles) character file.

38929 Azzok the Marksgargoyle (level 14, -5/150 HPs)
             Began as a Gargoyle Berserker on Feb 26, 2018.
             Was a High Priest of Trog.
             Slain by a two-headed ogre
             ... wielding a +1 great mace of flaming
              (14 damage)
             ... in a volcano.
             The game lasted 00:33:49 (15140 turns).

Azzok the Marksgargoyle (Gargoyle Berserker)       Turns: 15140, Time: 00:33:50

Health: -5/150     AC: 26    Str: 26    XL:     14   Next: 4%
Magic:  14/14      EV:  8    Int: 13    God:    Trog [*****.]
Gold:   407        SH:  0    Dex:  9    Spells: 13/13 levels left

rFire    + + .     SeeInvis .   b - +2 rapier (elec)
rCold    . . .     Gourm    .   (no shield)
rNeg     + . .     Faith    +   Z - +1 chain mail {rF+}
rPois    ∞         Spirit   .   F - +0 helmet
rElec    +         Reflect  .   t - +2 cloak {MR+}
rCorr    .         Harm     .   z - +0 pair of gloves
MR       +++++                  R - +0 pair of boots
Stlth    ..........             Q - amulet of faith
HPRegen  1.35/turn              o - ring of protection from magic
MPRegen  0.14/turn              r - ring of protection from fire

@: berserking, regenerating, very quick
A: big wings, negative energy resistance 1, electricity resistance, unbreathing,
petrification resistance, rot immunity, AC +10
a: Fly, Berserk, Trog's Hand, Brothers in Arms, Renounce Religion


You were in a volcano.
You worshipped Trog.
Trog was extremely pleased with you.
You were very hungry.

You visited 2 branches of the dungeon, and saw 16 of its levels.
You also visited: Labyrinth and Volcano.

You collected 1055 gold pieces.
You spent 648 gold pieces at shops.

Inventory:

Hand Weapons
 a - a +2 shortbow of freezing
 b - a +2 rapier of electrocution (weapon)
 s - a +3 quarterstaff of chaos
 K - a +2 antimagic lajatang
Missiles
 l - 243 arrows
Armour
 t - a +2 cloak of magic resistance (worn)
 z - a +0 pair of gloves (worn)
 F - a +0 helmet (worn)
 R - a +0 pair of boots (worn)
 Z - a +1 chain mail of fire resistance (worn)
Jewellery
 o - a ring of protection from magic (left hand)
 r - a ring of protection from fire (right hand)
 y - an uncursed ring of see invisible
 M - an uncursed ring of fire
 O - an uncursed ring of protection from magic
 Q - an amulet of faith (around neck)
Wands
 x - a wand of paralysis (25)
 E - a wand of disintegration (37)
 G - a wand of enslavement (28)
 J - a wand of polymorph (7)
 L - a wand of digging (25)
 N - a wand of iceblast (5)
 W - a wand of acid (11)
Scrolls
 d - a scroll of blinking
 e - 12 scrolls of remove curse
 i - 3 scrolls of enchant armour
 m - 2 scrolls of enchant weapon
 n - 3 scrolls of fog
 q - 2 scrolls of noise
 v - 4 scrolls of magic mapping
 w - 8 scrolls of teleportation {unknown}
 A - 4 scrolls of amnesia {unknown}
 P - a scroll of silence {unknown}
 T - 2 scrolls of immolation {unknown}
 V - a scroll of vulnerability {unknown}
Potions
 f - 2 potions of cancellation {unknown}
 g - a potion of ambrosia {unknown}
 h - 3 potions of agility {unknown}
 j - 7 potions of lignification {unknown}
 k - 8 potions of curing {unknown}
 p - 4 potions of heal wounds {unknown}
 u - 2 potions of mutation {unknown}
 C - 4 potions of degeneration {unknown}
 D - 2 potions of might {unknown}
 I - 2 potions of resistance
 S - 3 potions of flight {unknown}
 U - a potion of brilliance {unknown}
 X - a potion of experience {unknown}
 Y - a potion of berserk rage {unknown}
Comestibles
 c - 51 rations


   Skills:
 - Level 16.6 Fighting
   Level 2.6 Long Blades
 + Level 16.8 Bows
 - Level 2.1 Armour
 - Level 1.5 Dodging


You had 13 spell levels left.
You didn't know any spells.

Dungeon Overview and Level Annotations

Branches:
Dungeon (12/15)            Temple (0/1) D:6            Lair (4/6) D:10
  Swamp (0/4) Lair:3        Snake (0/4) Lair:4          Orc (0/2) D:11

Altars:
Dithmenos
Kikubaaqudgha
Nemelex Xobeh
Qazlal
Ru
Uskayaw
Vehumet
Wu Jian
Yredelemnul
The Shining One

Shops:
D:6 =*

Portals:
Trove: D:11 (lose all piety)

Annotations:
D:7 2 transporters


Innate Abilities, Weirdness & Mutations

You are resistant to torment.
Your stone body is resilient. (AC +10)
You are immune to poison.
Your large and strong wings let you fly indefinitely.
You resist negative energy. (rN+)
You are resistant to electric shocks. (rElec)
You can survive without breathing.
You are immune to petrification.
You are immune to rotting.


Message History

You impale the two-headed ogre!!
You kill the two-headed ogre!
Trog accepts your kill.
The two-headed ogre hits you with a great mace of flaming.
* * * LOW HITPOINT WARNING * * *
The two-headed ogre hits you with a great mace of flaming!
* * * LOW HITPOINT WARNING * * *
The two-headed ogre burns you.
* * * LOW HITPOINT WARNING * * *
The two-headed ogre hits you but does no damage.
The two-headed ogre barely misses you.
Things that are here:
a giant club of flaming x2; a two-headed ogre corpse You puncture the two-headed ogre!
The two-headed ogre is moderately wounded.
You closely miss the two-headed ogre.
The two-headed ogre is moderately wounded.
The two-headed ogre hits you but does no damage.
The two-headed ogre hits you with a great mace of flaming!
You die...

▒▒▒ ▒▒▒▒≈▒▒▒▒
▒▒≈≈§§§≈§▒▒
▒▒▒≈§§§≈≈≈§≈▒
▒▒▒≈≈§§§≈§§§≈≈≈ ▒
▒§§≈≈≈▒▒▒▒▒▒▒ ≈≈▒
▒▒§≈≈▒▒▒···)·▒ ▒≈§≈
▒§§§▒▒·▒··@··▒·▒▒≈§≈
▒▒§≈≈▒··'··O[·'··▒≈≈≈
▒▒▒≈§≈▒▒··'··_··)··▒▒≈§
≈≈≈≈≈≈▒···▒·····▒···▒
≈§≈≈≈≈▒···▒▒▒▒▒▒▒···▒§§
§§§§§≈▒···'$$·([╬ ·(▒≈§
▒≈≈§≈§▒···▒··≈(·▒ ··▒§§
▒▒≈§≈§▒···▒8≈≈≈8▒ ·▒§§
▒§≈§§▒▒··'··≈··╬ ▒▒§§


You could see a two-headed ogre.

Vanquished Creatures
  A minotaur (Lab)
  7 hydras
  An ogre mage (Volcano)
  7 two-headed ogres
  The ghost of Duffy the Thaumaturge, a journeyman DEFE of Vehumet (D:9)
  A hell knight (Volcano)
  An unseen horror (D:10)
  An ugly thing (D:12)
  3 oklob plants (Lair:1)
  An elephant (D:10)
  3 black mambas
  4 komodo dragons
  A rime drake (Lair:4)
  A kobold demonologist (D:11)
  4 spiny frogs
  2 trolls (D:11)
  8 blink frogs
  8 hippogriffs
  A shadow (D:12)
  2 wyverns
  A wraith (D:11)
  28 yaks
  4 hogs (D:12)
  3 basilisks
  Eustachio (D:6)
  A human (D:12)
  5 swamp worms (Lair:3)
  Duvessa (D:4)
  5 water moccasins
  10 porcupines
  An ice beast (D:10)
  6 sky beasts
  5 orc warriors
  4 phantoms
  A black bear (D:9)
  8 wolves
  3 ogres
  11 crocodiles
  A centaur (D:9)
  11 bullfrogs
  2 gnoll sergeants (D:11)
  28 big kobolds
  Dowan (D:4)
  3 scorpions
  12 killer bees
  12 wights
  A howler monkey (D:6)
  An electric eel (Lair:3)
  5 crimson imps
  3 centaur zombies
  2 bullfrog zombies
  7 hounds
  6 orc priests
  Crazy Yiuf (D:2)
  2 bullfrog skeletons
  3 jellies
  A quasit (D:8)
  Jessica (D:2)
  8 orc wizards
  7 iguanas
  7 worker ants
  A hound zombie (D:9)
  The ghost of Anon1729 the Ducker, a weakling SpEE (D:4)
  Robin (D:4)
  7 gnolls
  A howler monkey skeleton (D:11)
  12 adders
  3 shadow imps
  A worm (D:3)
  3 dart slugs
  10 leopard geckos
  56 orcs
  A ball python (D:1)
  4 bats
  3 giant cockroaches
  25 goblins
  11 hobgoblins
  4 jackals
  36 kobolds
  4 quokkas
  6 frilled lizards
  A leopard gecko skeleton (D:5)
  A leopard gecko zombie (D:7)
  5 rats
  A fungus (Lair:3)
479 creatures vanquished.

Vanquished Creatures (others)
  2 fungi
  5 plants (Lair:1)
7 creatures vanquished.

Grand Total: 486 creatures vanquished

Notes
Turn   | Place    | Note
-------+----------+-------------------------------------------
     0 | D:1      | Azzok the Gargoyle Berserker began the quest for the Orb.
     0 | D:1      | Reached XP level 1. HP: 14/14 MP: 1/1
   367 | D:1      | Reached XP level 2. HP: 20/20 MP: 2/2
   926 | D:2      | Reached XP level 3. HP: 24/24 MP: 3/3
   959 | D:2      | Reached skill level 5 in Fighting
   962 | D:2      | HP: 1/26 [gnoll/halberd (8)]
  1337 | D:2      | Reached XP level 4. HP: 31/31 MP: 4/4
  1338 | D:2      | Reached ** piety under Trog
  1403 | D:2      | Noticed Jessica
  1409 | D:2      | Killed Jessica
  1694 | D:2      | Reached XP level 5. HP: 36/36 MP: 5/5
  1835 | D:2      | Found a runed door.
  1840 | D:2      | Noticed Crazy Yiuf
  1850 | D:2      | Killed Crazy Yiuf
  2199 | D:3      | Reached *** piety under Trog
  2369 | D:3      | Reached XP level 6. HP: 44/44 MP: 6/6
  2633 | D:3      | Found an ancient bone altar of Kikubaaqudgha.
  2685 | D:4      | Noticed Duvessa
  2685 | D:4      | Noticed Dowan
  2696 | D:4      | Killed Duvessa
  2712 | D:4      | Killed Dowan
  2712 | D:4      | Reached XP level 7. HP: 48/50 MP: 7/7
  2916 | D:4      | Noticed Anon1729's ghost (weakling SpEE)
  2923 | D:4      | Killed Anon1729's ghost
  3104 | D:4      | Reached **** piety under Trog
  3154 | D:4      | Noticed Robin
  3186 | D:4      | Killed Robin
  3446 | D:5      | Entered Level 5 of the Dungeon
  3498 | D:5      | Found a shadowy altar of Dithmenos.
  3640 | D:5      | Reached skill level 10 in Fighting
  3674 | D:5      | Reached XP level 8. HP: 49/58 MP: 8/8
  4108 | D:6      | Reached ***** piety under Trog
  4217 | D:6      | Found a basalt altar of Yredelemnul.
  4225 | D:6      | Found a basalt altar of Yredelemnul.
  4540 | D:6      | Found a radiant altar of Vehumet.
  4621 | D:6      | Reached XP level 9. HP: 54/65 MP: 9/9
  4682 | D:6      | Found Kezin's General Store.
  4690 | D:6      | Bought a +2 amulet of reflection for 90 gold pieces
  4788 | D:6      | Found Ugyn's Jewellery Shoppe.
  4791 | D:6      | Bought a cursed ring of loudness for 54 gold pieces
  4791 | D:6      | Bought a cursed -3 ring of strength for 24 gold pieces
  4795 | D:6      | Noticed Eustachio
  4829 | D:6      | Killed Eustachio
  4903 | D:6      | Found a staircase to the Ecumenical Temple.
  5075 | D:7      | Received a gift from Trog
  5220 | D:7      | Found a transporter.
  5222 | D:7      | Noticed a manticore
  5222 | D:7      | Noticed a white ugly thing
  5294 | D:7      | Found a glowing golden altar of the Shining One.
  5305 | D:7      | Found a transporter.
  5435 | D:7      | Found a hide-covered altar of Uskayaw.
  5435 | D:7      | Found a sacrificial altar of Ru.
  5436 | D:7      | Found an ornate altar of the Wu Jian Council.
  5465 | D:7      | Found a stormy altar of Qazlal.
  5634 | D:7      | Found a sparkling altar of Nemelex Xobeh.
  6128 | D:8      | Noticed a two-headed ogre
  6134 | D:8      | Killed a two-headed ogre
  6134 | D:8      | Reached skill level 15 in Fighting
  6134 | D:8      | Reached XP level 10. HP: 57/76 MP: 10/10
  6288 | D:8      | Noticed a two-headed ogre
  6294 | D:8      | Killed a two-headed ogre
  6452 | D:8      | Received a gift from Trog
  7119 | D:9      | Noticed Duffy's ghost (journeyman DEFE)
  7138 | D:9      | Killed Duffy's ghost
  7294 | D:9      | Reached skill level 1 in Bows
  7499 | D:10     | Entered Level 10 of the Dungeon
  7546 | D:10     | Reached XP level 11. HP: 84/84 MP: 11/11
  7581 | D:10     | Noticed an unseen horror
  7620 | D:10     | Killed an unseen horror
  7766 | D:10     | Found a staircase to the Lair.
  7773 | D:10     | Reached skill level 5 in Bows
  8226 | D:10     | Got a pitted leather armour
  8370 | D:6      | Bought an uncursed amulet of faith for 480 gold pieces
  8686 | D:11     | Identified the +2 leather armour "Feah" {Int+7} (You found it on level 10 of the Dungeon)
  8784 | D:11     | Received a gift from Trog
  8960 | D:11     | Received a gift from Trog
  9051 | D:11     | Received a gift from Trog
  9370 | D:11     | Found a portal to a secret trove of treasure.
  9492 | D:11     | Noticed a seven-headed hydra
  9506 | D:11     | Killed a seven-headed hydra
  9601 | D:11     | Reached skill level 10 in Bows
  9604 | D:11     | Found a staircase to the Orcish Mines.
  9627 | D:11     | Reached XP level 12. HP: 66/90 MP: 12/12
  9990 | D:12     | Found a labyrinth entrance.
  9999 | Lab      | Entered a labyrinth
 10140 | Lab      | Noticed a minotaur
 10154 | Lab      | Killed a minotaur
 10169 | Lab      | Identified the Handbook of Damaging Aid
 10592 | D:12     | Received a gift from Trog
 10960 | D:12     | Found a stormy altar of Qazlal.
 11281 | Lair:1   | Entered Level 1 of the Lair of Beasts
 11340 | Lair:1   | Noticed a four-headed hydra
 11355 | Lair:1   | Killed a four-headed hydra
 11608 | Lair:1   | Noticed an eight-headed hydra
 11616 | Lair:1   | Killed an eight-headed hydra
 12058 | Lair:1   | Reached XP level 13. HP: 95/95 MP: 13/13
 13021 | Lair:2   | Reached skill level 15 in Bows
 13092 | Lair:2   | Received a gift from Trog
 13993 | Lair:3   | Received a gift from Trog
 14459 | Lair:3   | Found a staircase to the Swamp.
 14773 | Lair:4   | Received a gift from Trog
 14806 | Lair:4   | Found a dark tunnel.
 14811 | Volcano  | Entered a volcano
 14842 | Volcano  | Found a radiant altar of Vehumet.
 15127 | Volcano  | Gained mutation: Your large and strong wings let you fly indefinitely. [Gargoyle growth]
 15127 | Volcano  | Reached XP level 14. HP: 31/100 MP: 14/14
 15137 | Volcano  | HP: 6/150 [two-headed ogre/great mace of flaming (2)]
 15140 | Volcano  | Slain by a two-headed ogre

Vault maps used:
D:1:      scummos_arrival_checkerplants
D:2:      cheibrodos_greedy_goblins, first_ration, uniq_jessica,
          uniq_crazy_yiuf_cottage
D:3:      lemuel_round_altar
D:4:      uniq_robin, uniq_duvessa
D:5:      basic_altar, minmay_lizard_king
D:6:      marbit_many_paths, temple_doors_cd, basic_altar, serial_shops,
          shop_fountains, kennysheep_mini_moat, hangedman_decor_peaks_small,
          yredelemnul_altar_generic, uniq_eustachio
D:7:      gammafunk_temple_overflow_arena, nicolae_overflow_quartered_altars,
          nemelex_xobeh_ov_fountains_minmay
D:10:     david_lair_generic
D:11:     kennysheep_orc_monster_closet_entryway, trove_entry_hex_spiral,
          nooodl_food_tri
D:12:     lemuel_ice_spiral_2, lab_entry_generic, grunt_livestock,
          nicolae_qazlal_general_emergency
Lair:1:   beast_lair_carwin_large_2, st_stairs_4, minmay_lair_oklob_chamber,
          grunt_megastairs_1, lemuel_fruit_tree, serial_bayou_shore_b,
          serial_bayou_shore_b
Lair:2:   beast_lair_carwin_6, serial_bayou_shore_a
Lair:3:   nicolae_swamp_entry_splash_gauntlet
Lair:4:   guppyfry_snake_entry_garden, enter_volcano_4,
          grunt_forest_large_clearing_hut
Lab:      labyrinth_mini_lab
Volcano:  kennysheep_volcano_temple

Skill      XL: |  1  2  3  4  5  6  7  8  9 10 11 12 13 |
---------------+----------------------------------------+-----
Fighting       | 4 5 6 7 8 10 12 15 16 | 16.6
Bows           | 2 10 13 16 | 16.8
Long Blades    | |  2.6
Armour         | |  2.1
Dodging        | |  1.5

Action                   |  1- 3 |  4- 6 |  7- 9 | 10-12 | 13-15 || total
-------------------------+-------+-------+-------+-------+-------++-------
Melee: Dagger            |    53 |    74 |       |       |       ||   127
       Falchion          |     4 |       |       |       |       ||     4
       Quarterstaff      |       |    85 |       |       |       ||    85
       Rapier            |       |       |   482 |   885 |    23 ||  1390
 Fire: Shortbow          |       |       |       |    78 |   431 ||   509
Invok: Berserk           |       |     1 |     1 |     7 |     1 ||    10
       Trog's Hand       |       |       |     1 |     1 |     2 ||     4
  Use: Scroll            |       |       |     3 |     2 |     6 ||    11
  Eat: Chunk             |     1 |     5 |    14 |    20 |    10 ||    50
       Ration            |       |       |       |     2 |       ||     2
Armor: Chain mail        |    29 |   116 |   384 |   323 |     7 ||   859
       Plate armour      |       |       |       |   541 |   101 ||   642
Dodge: Dodged            |    21 |    72 |   224 |   360 |    37 ||   714
Block: Other             |       |       |    22 |    11 |       ||    33
       Reflection        |       |       |       |     1 |       ||     1

Table legend:
 A = Spawn XP
 B = Non-spawn XP
 C = Spawn XP percentage of total XP
 D = Spawn monster count
 E = Non-spawn monster count
 F = Spawn count percentage of total count
 G = Total turns spent on level
                    A         B        C        D         E        F      G
               +---------+---------+-------+---------+---------+-------+---------
         Total |       0 |   55614 |   0.0 |       0 |     478 |   0.0 | 15140
               +---------+---------+-------+---------+---------+-------+---------
           D:1 |       0 |      19 |   0.0 |       0 |      11 |   0.0 |   899
           D:2 |       0 |     200 |   0.0 |       0 |      35 |   0.0 |  1075
           D:3 |       0 |     160 |   0.0 |       0 |      29 |   0.0 |   711
           D:4 |       0 |     425 |   0.0 |       0 |      26 |   0.0 |   761
           D:5 |       0 |     942 |   0.0 |       0 |      32 |   0.0 |   658
           D:6 |       0 |     899 |   0.0 |       0 |      19 |   0.0 |  1008
           D:7 |       0 |     573 |   0.0 |       0 |      24 |   0.0 |   748
           D:8 |       0 |    3593 |   0.0 |       0 |      48 |   0.0 |   922
           D:9 |       0 |    2113 |   0.0 |       0 |      20 |   0.0 |   862
          D:10 |       0 |    4357 |   0.0 |       0 |      37 |   0.0 |  1025
          D:11 |       0 |    6206 |   0.0 |       0 |      72 |   0.0 |  1327
          D:12 |       0 |    4682 |   0.0 |       0 |      24 |   0.0 |  1111
        Lair:1 |       0 |   10158 |   0.0 |       0 |      37 |   0.0 |  1452
        Lair:2 |       0 |    8249 |   0.0 |       0 |      31 |   0.0 |  1033
        Lair:3 |       0 |    3662 |   0.0 |       0 |      20 |   0.0 |   882
        Lair:4 |       0 |    1986 |   0.0 |       0 |       5 |   0.0 |   163
           Lab |       0 |    1239 |   0.0 |       0 |       1 |   0.0 |   174
       Volcano |       0 |    6151 |   0.0 |       0 |       7 |   0.0 |   329
               +---------+---------+-------+---------+---------+-------+---------
